 Dungeon Crawl Stone Soup version 0.22.0-49-gab54619 (webtiles) character file.

74466 Tarasboulda the Fencer (level 15, 0/201 HPs)
             Began as a Minotaur Gladiator on Sept 4, 2018.
             Was a Follower of Uskayaw.
             Slain by a naga warrior
             ... wielding a +0 trident
              (4 damage)
             ... on level 1 of the Snake Pit.
             The game lasted 01:50:25 (24626 turns).

Tarasboulda the Fencer (Minotaur Gladiator)        Turns: 24626, Time: 01:50:25

Health: 0/201      AC: 29    Str: 23    XL:     15   Next: 6%
Magic:  18/18      EV: -1    Int:  5    God:    Uskayaw [*.....]
Gold:   1914       SH:  0    Dex: 22    Spells: 14/14 levels left

rFire    . . .     SeeInvis +   n - +2 great sword (holy)
rCold    . . .     Gourm    .   (shield currently unavailable)
rNeg     + + +     Faith    .   (armour currently unavailable)
rPois    +         Spirit   .   (helmet currently unavailable)
rElec    .         Reflect  .   (cloak currently unavailable)
rCorr    .         Harm     .   (gloves currently unavailable)
MR       +....     NoTele   +   (boots currently unavailable)
Stlth    ++........             (no amulet)
HPRegen  0.43/turn              v - ring of poison resistance
MPRegen  0.16/turn              K - ring "Teops" {AC+2 Str+4 Dex+4 SInv}

@: lethally poisoned (0 -> -1), tree-form, very slightly contaminated,
constricted
A: (retaliatory headbutt), blurry vision 1
a: Stomp, Renounce Religion


You were on level 1 of the Snake Pit.
You worshipped Uskayaw.
Uskayaw was noncommittal.
You were not hungry.
You were a tree.
You visited 4 branches of the dungeon, and saw 20 of its levels.
You also visited: Bailey.

You collected 1914 gold pieces.

Inventory:

Hand Weapons
 i - a +0 spear
 n - a +2 great sword of holy wrath (weapon)
 q - a +0 glaive
 D - a +2 scimitar of venom
Missiles
 d - 7 throwing nets
 w - 6 javelins
 A - 7 tomahawks (quivered)
 W - 4 silver javelins
Armour
 l - a scarf of repulsion (melded)
 C - a +2 troll leather armour (melded) {Snorg}
 Q - the +3 hat of Pondering (melded) {ponderous, MR+ MP+10 Int+5}
   (You found it on level 11 of the Dungeon)

   It affects your intelligence (+5).
   It affects your resistance to hostile enchantments.
   It affects your magic capacity (+10).
 Y - a +0 pair of gloves (melded)
Jewellery
 m - an uncursed amulet of faith {unknown}
 v - a ring of poison resistance (left branch)
 x - a +2 ring of evasion
 E - an uncursed amulet of faith {unknown}
 H - the ring "Pawkavug" {rElec EV+3}
   (You found it on level 9 of the Dungeon)

   [ring of evasion]

   It affects your evasion (+3).
   It insulates you from electricity.
 I - the ring "Nisov" {Wiz Stlth+}
   (You found it on level 9 of the Dungeon)

   [ring of wizardry]

   It improves your spell success rate.
   It makes you more stealthy.
 J - the ring "Fietof" {+Fly rN+++ Str-4 Dex-3}
   (You found it on level 9 of the Dungeon)

   [ring of dexterity]

   It affects your strength (-4).
   It affects your dexterity (-3).
   It renders you almost immune to negative energy.
   It lets you fly.
 K - a ring "Teops" (right branch) {AC+2 Str+4 Dex+4 SInv}
   (You found it on level 9 of the Dungeon)

   [ring of protection]

   It affects your AC (+2).
   It affects your strength (+4).
   It affects your dexterity (+4).
   It lets you see invisible.
 Z - an uncursed ring of stealth {unknown}
Wands
 a - a wand of enslavement (10)
 c - a wand of iceblast (5)
 u - a wand of clouds (5)
 M - a wand of polymorph (13)
 T - a wand of acid (22)
 V - a wand of disintegration (32)
 X - a wand of digging (9)
Scrolls
 b - 3 scrolls of identify
 g - 3 scrolls of amnesia
 j - 3 scrolls of teleportation
 k - 2 scrolls of blinking
 r - 3 scrolls of immolation
 s - 5 scrolls of enchant weapon
 t - 4 scrolls of fear
 B - 3 scrolls of enchant armour
 S - 5 scrolls of remove curse
Potions
 e - 3 potions of brilliance
 h - 3 potions of lignification
 p - 3 potions of curing
 y - a potion of might
 z - a potion of ambrosia
 G - a potion of flight
 L - 2 potions of haste
 P - a potion of agility
 U - 2 potions of cancellation
Miscellaneous
 o - a sack of spiders
 F - a lamp of fire
 N - a phial of floods (inert)
Comestibles
 f - 41 rations


   Skills:
 + Level 12.9 Fighting
 * Level 16.2 Long Blades
 - Level 13.1 Polearms
 + Level 10.6 Throwing
 + Level 13.5 Dodging
 - Level 6.5 Invocations


You had 14 spell levels left.
You didn't know any spells.
Your spell library contained the following spells:

 Spells                   Type           Power        Failure   Level  Hunger
 Shock                    Conj/Air       #...         47%         1    ##.....
 Swiftness                Chrm/Air       #.......     63%         2    ###....
 Static Discharge         Conj/Air       #.......     85%         3    ####...
 Airstrike                Air            #.........   99%         4    #####..
 Lightning Bolt           Conj/Air       #.........   100%        5    ######.


Dungeon Overview and Level Annotations

Branches:
Dungeon (11/15)            Temple (1/1) D:4            Lair (6/6) D:9
 Shoals (0/4) Lair:3        Snake (2/4) Lair:3        Slime (0/5) Lair:5
    Orc: D:9-12

Altars:
Ashenzari
Cheibriados
Dithmenos
Elyvilon
Fedhas
Gozag
Hepliaklqana
Kikubaaqudgha
Makhleb
Nemelex Xobeh
Okawaru
Qazlal
Ru
Sif Muna
Trog
Uskayaw
Vehumet
Wu Jian
Xom
Yredelemnul
Zin
The Shining One

Annotations:
D:9 3 runed doors
Snake:2 Vashnia


Innate Abilities, Weirdness & Mutations

((You reflexively headbutt those who attack you in melee.))
((You have a pair of horns on your head.))
((You are partially covered in slimy green scales. (AC +2)))
Scrolls take you a little longer to read.


Message History

The naga sharpshooter dies!
You hear a splash. x2
You feel better.
The naga warrior hits you with a trident!
* * * LOW HITPOINT WARNING * * *
The naga warrior constricts you.
Evoke which item? (* to show all) (? for menu, Esc to quit)
Aiming: Polymorph
Press: ? - help, Shift-Dir - straight line, f - naga warrior
Aim: a naga warrior, wielding a trident and wearing a large shield (moderately The naga warrior resists with almost no effort.
You can no longer pass through a line of other dancers.
Okay, then.
Really read with blurry vision while enemies are nearby?
The naga warrior spits poison at you. The splash of poison hits you!
You are poisoned.
You resist.
* * * LOW HITPOINT WARNING * * *
You die...

#.###........# #..#.....#..####
#.####....!#.####..............#
#..#########...#...#######..##..
##..# ##.....#.# ###..####
##.#######..#...#.# ###....#
#....#....###≈...###...##.#
####...#### #≈≈..##..####.##
##### #E##......###..#
#♣##.##.#..###.# #N##.##.##..##.#
#.##.#..###.##.# #######
#.##.#.## #.##.# ......#
##.##.#[# #.##.#
#####.#########..##.#(####....###
#.................(.........#
#####.).#######.###.#.####.(.##..
#.....#.#####...###...# #######.


You could see a naga warrior and a friendly water elemental.

Vanquished Creatures
  A nagaraja (Snake:2)
  Snorg (Lair:5)
  Josephine (Lair:4)
  2 fire dragons (Lair:6)
  2 naga warriors (Snake:2)
  4 hydras
  11 anacondas
  Urug (Lair:6)
  2 shock serpents (Snake:1)
  2 unseen horrors
  A swamp dragon (Lair:6)
  2 lindwurms (Lair:6)
  A necromancer (Lair:6)
  A deep elf mage (D:9)
  2 naga ritualists
  3 mana vipers (Snake:1)
  3 manticores
  An ugly thing (D:9)
  Joseph (D:9)
  26 black mambas
  3 salamanders
  A naga mage (Lair:3)
  4 guardian serpents (Snake:1)
  4 elephants (Lair:5)
  11 spiny frogs
  3 rime drakes
  6 torpor snails
  8 komodo dragons
  A queen bee (D:11)
  3 trolls
  7 hornets (Lair:6)
  A polar bear (Lair:5)
  3 tyrant leeches (Lair:6)
  11 blink frogs
  7 dream sheep
  5 hippogriffs
  A shadow (D:11)
  5 wraiths
  A wyvern (Lair:6)
  A spriggan (D:8)
  A vampire (D:11)
  44 yaks
  5 basilisks
  A steam dragon (Lair:6)
  10 nagas
  18 water moccasins
  3 acid dragons (Lair:6)
  8 porcupines
  2 orc warriors
  An eye of draining (D:9)
  A hornet zombie (D:5)
  4 ice beasts
  A phantom (D:6)
  5 sky beasts
  A necrophage (D:9)
  An ogre (D:9)
  5 centaurs
  9 wolves
  10 crocodiles
  A big kobold (D:9)
  14 bullfrogs
  10 gnoll sergeants
  A scorpion (D:6)
  28 killer bees
  3 wights (D:8)
  2 howler monkeys
  A bullfrog zombie (D:5)
  4 crimson imps
  A quasit (D:8)
  4 hounds
  17 jellies
  13 orc priests
  A bullfrog skeleton (D:5)
  6 gnoll shamans (Bailey)
  17 orc wizards
  2 centaur skeletons
  Jessica (D:2)
  5 hell rats (Lair:6)
  5 iguanas
  2 yak simulacra (Lair:6)
  9 worker ants
  2 wolf simulacra (Lair:6)
  3 polar bear simulacra (Lair:6)
  3 worker ant zombies
  27 gnolls
  11 adders
  6 shadow imps
  3 oozes
  2 adder skeletons
  2 worms
  2 dart slugs
  5 leopard geckos
  63 orcs
  2 ball pythons
  7 giant cockroaches
  13 goblins
  11 hobgoblins
  26 jackals
  7 quokkas
  9 bats
  3 frilled lizards
  15 kobolds
  A quokka skeleton (D:9)
  A quokka zombie (D:5)
  7 rats
  4 river rat simulacra (Lair:6)
  A fungus (Lair:6)
  A plant (Lair:6)
668 creatures vanquished.

Vanquished Creatures (collateral kills)
  A naga sharpshooter (Snake:1)
1 creature vanquished.

Vanquished Creatures (others)
  A komodo dragon (Lair:6)
  An acid dragon (Lair:6)
  A kobold (D:2)
  3 fungi
  21 plants
27 creatures vanquished.

Grand Total: 696 creatures vanquished

Notes
Turn   | Place    | Note
-------+----------+-------------------------------------------
     0 | D:1      | Tarasboulda the Minotaur Gladiator began the quest for the
                  | Orb.
     0 | D:1      | Reached XP level 1. HP: 18/18 MP: 0/0
    55 | D:1      | Reached XP level 2. HP: 26/26 MP: 1/1
   208 | D:1      | Reached skill level 4 in Long Blades
   332 | D:1      | Reached XP level 3. HP: 31/31 MP: 2/2
   769 | D:2      | Noticed Jessica
   792 | D:2      | Killed Jessica
   837 | D:2      | Reached XP level 4. HP: 38/39 MP: 3/3
   916 | D:2      | Found a snail-covered altar of Cheibriados.
   917 | D:2      | Found a hazy altar of Hepliaklqana.
   992 | D:2      | Found a shimmering altar of Xom.
   995 | D:2      | Noticed an angel
   999 | D:2      | Found a glowing silver altar of Zin.
  1462 | D:3      | Reached skill level 5 in Long Blades
  1810 | D:3      | Reached XP level 5. HP: 43/46 MP: 4/4
  2975 | D:4      | Reached XP level 6. HP: 29/53 MP: 5/5
  3361 | D:4      | Found a staircase to the Ecumenical Temple.
  3369 | Temple   | Entered the Ecumenical Temple
  3387 | Temple   | Became a worshipper of Uskayaw the Reveler
  3589 | D:5      | Entered Level 5 of the Dungeon
  3594 | D:5      | Reached * piety under Uskayaw
  3597 | D:5      | Reached skill level 6 in Long Blades
  3673 | D:5      | Reached ** piety under Uskayaw
  3676 | D:5      | Reached *** piety under Uskayaw
  4043 | D:5      | Reached skill level 5 in Fighting
  4043 | D:5      | Reached XP level 7. HP: 41/61 MP: 6/6
  4307 | D:5      | Reached skill level 5 in Dodging
  4436 | D:5      | Reached skill level 7 in Long Blades
  5517 | D:6      | Reached XP level 8. HP: 70/70 MP: 7/7
  5533 | D:6      | Reached **** piety under Uskayaw
  5545 | D:6      | Reached ***** piety under Uskayaw
  5548 | D:6      | Reached skill level 8 in Long Blades
  6254 | D:6      | Gained mutation: Scrolls take you a little longer to read.
                  | [potion of mutation]
  6254 | D:6      | Gained mutation: You are partially covered in slimy green
                  | scales. (AC +2) [potion of mutation]
  6331 | D:6      | Reached skill level 9 in Long Blades
  6331 | D:6      | Reached skill level 5 in Throwing
  6715 | D:7      | Noticed a hippogriff
  7130 | D:7      | Reached XP level 9. HP: 74/79 MP: 8/8
  7997 | D:8      | Reached skill level 10 in Long Blades
  9318 | D:9      | Reached skill level 11 in Long Blades
  9575 | D:9      | Found a glowing golden altar of the Shining One.
  9667 | D:9      | Noticed a manticore
  9670 | D:9      | Killed an unseen horror
  9670 | D:9      | Reached XP level 10. HP: 81/90 MP: 9/9
  9700 | D:9      | Noticed a cyan ugly thing
  9708 | D:9      | Killed a cyan ugly thing
  9713 | D:9      | Reached ****** piety under Uskayaw
  9739 | D:9      | Killed a manticore
  9739 | D:9      | Reached skill level 12 in Long Blades
  9891 | D:9      | Noticed Joseph
 10055 | D:9      | Got a slimy platinum ring
 10058 | D:9      | Got an ancient tin ring
 10065 | D:9      | Found a runed door.
 10065 | D:9      | Noticed a flayed ghost
 10065 | D:9      | Noticed a gargoyle
 10066 | D:9      | Got a clouded golden ring
 10067 | D:9      | Found a runed door.
 10067 | D:9      | Found a runed door.
 10067 | D:9      | Noticed a cyclops
 10069 | D:9      | Got a fine platinum ring
 10108 | D:9      | Identified the ring "Pawkavug" {rElec EV+3} (You found it
                  | on level 9 of the Dungeon)
 10110 | D:9      | Identified the ring "Nisov" {Wiz Stlth+} (You found it on
                  | level 9 of the Dungeon)
 10112 | D:9      | Identified the cursed ring "Fietof" {+Fly rN+++ Str-4
                  | Dex-3} (You found it on level 9 of the Dungeon)
 10116 | D:9      | Identified a ring "Teops" {AC+2 Str+4 Dex+4 SInv} (You
                  | found it on level 9 of the Dungeon)
 10209 | D:9      | Noticed a deep elf mage
 10217 | D:9      | Killed a deep elf mage
 10251 | D:9      | Found a staircase to the Lair.
 10279 | D:9      | Found an ancient bone altar of Kikubaaqudgha.
 10391 | D:9      | Found a shadowy altar of Dithmenos.
 10468 | D:9      | Killed Joseph
 10701 | D:10     | Entered Level 10 of the Dungeon
 10738 | D:10     | Found the +27 Lear's hauberk
 10747 | D:10     | Found a flagged portal.
 10769 | Bailey   | Entered a bailey
 10801 | Bailey   | Reached skill level 1 in Polearms
 11275 | Bailey   | Reached XP level 11. HP: 86/99 MP: 10/10
 11576 | D:10     | HP: 4/99 [manticore/volley of spikes (19)]
 12422 | D:11     | Reached skill level 10 in Fighting
 12503 | D:11     | Reached skill level 5 in Polearms
 12981 | D:11     | Found the +3 hat of Pondering {ponderous, MR+ MP+10 Int+5}
 13188 | D:11     | Noticed an unseen horror
 13193 | D:11     | Killed an unseen horror
 13900 | Lair:1   | Entered Level 1 of the Lair of Beasts
 13913 | Lair:1   | Reached skill level 10 in Polearms
 14465 | Lair:1   | Reached XP level 12. HP: 68/106 MP: 11/11
 14791 | Lair:1   | Noticed a five-headed hydra
 14824 | Lair:1   | Killed a five-headed hydra
 15336 | Lair:1   | Reached skill level 13 in Long Blades
 15689 | Lair:2   | Reached skill level 10 in Dodging
 16909 | Lair:3   | Found a staircase to the Shoals.
 17020 | Lair:3   | Found a staircase to the Snake Pit.
 17833 | Lair:4   | Noticed Josephine
 17887 | Lair:4   | Reached skill level 14 in Long Blades
 18005 | Lair:4   | Killed Josephine
 18012 | Lair:4   | Reached skill level 1 in Invocations
 18206 | Lair:4   | Reached XP level 13. HP: 114/116 MP: 12/12
 19255 | Lair:5   | Found a staircase to the Slime Pits.
 19299 | Lair:5   | Noticed Snorg
 19325 | Lair:5   | Killed Snorg
 20197 | Lair:6   | Entered Level 6 of the Lair of Beasts
 20869 | Lair:6   | Reached skill level 5 in Invocations
 21044 | Lair:6   | Noticed Urug
 21292 | Lair:6   | Killed Urug
 21325 | Lair:6   | Reached XP level 14. HP: 125/125 MP: 17/17
 21365 | Lair:6   | Found a runed door.
 22659 | Snake:1  | Entered Level 1 of the Snake Pit
 22879 | Snake:1  | Identified a scroll of acquirement
 23010 | Snake:1  | Reached skill level 15 in Long Blades
 23212 | Snake:1  | Reached skill level 10 in Throwing
 23898 | Snake:2  | Reached skill level 16 in Long Blades
 23902 | Snake:2  | Noticed a nagaraja
 23912 | Snake:2  | Killed a nagaraja
 23913 | Snake:2  | Reached XP level 15. HP: 72/134 MP: 18/18
 24067 | Snake:2  | Noticed Vashnia
 24621 | Snake:1  | HP: 7/201 [naga warrior/trident (6)]
 24623 | Snake:1  | HP: 2/201 [naga warrior/trident (12)]
 24626 | Snake:1  | Slain by a naga warrior

Skill      XL: |  1  2  3  4  5  6  7  8  9 10 11 12 13 14 |
---------------+-------------------------------------------+-----
Fighting       | 3 4 5 7 8 9 10 11 12 | 12.9
Long Blades    | 4 5 6 7 9 11 12 14 16 | 16.2
Dodging        | 4 5 6 7 9 11 12 13 | 13.5
Throwing       | 3 4 5 6 7 8 9 10 | 10.6
Polearms       | 2 11 12 13 | 13.1
Invocations    | 1 5 6 |  6.5

Action                   |  1- 3 |  4- 6 |  7- 9 | 10-12 | 13-15 || total
-------------------------+-------+-------+-------+-------+-------++-------
Melee: Long sword        |    41 |   173 |   315 |       |       ||   529
       Headbutt          |     9 |    35 |   112 |   191 |   275 ||   622
       Scimitar          |       |       |    67 |   547 |   420 ||  1034
       Spear             |       |       |       |     2 |    27 ||    29
       Great sword       |       |       |       |       |   153 ||   153
Throw: Throwing net      |       |     1 |       |     2 |     8 ||    11
       Tomahawk          |       |       |       |    23 |    24 ||    47
       Javelin           |       |       |       |    19 |    22 ||    41
Invok: Line Pass         |       |       |     2 |       |     1 ||     3
       Stomp             |       |       |     1 |       |       ||     1
       Grand Finale      |       |       |       |       |     2 ||     2
Evoke: Lamp of fire      |       |       |       |     1 |       ||     1
       Wand              |       |       |       |       |     6 ||     6
       Phial of floods   |       |       |       |       |     1 ||     1
  Use: Scroll            |       |     7 |     3 |    12 |     9 ||    31
       Potion            |       |     1 |     5 |     3 |    11 ||    20
 Stab: Held in net/web   |       |     2 |       |     2 |     3 ||     7
       Paralysed         |       |       |    14 |    18 |    58 ||    90
       Confused          |       |       |     1 |       |       ||     1
       Sleeping          |       |       |     1 |     4 |       ||     5
       Distracted        |       |       |       |       |     1 ||     1
  Eat: Chunk             |       |     9 |    10 |    18 |    14 ||    51
       Ration            |       |       |     3 |     3 |     3 ||     9
Armor: Leather armour    |    12 |    30 |    59 |    48 |    14 ||   163
       Troll leather arm |       |       |       |       |   104 ||   104
       Skin              |       |       |       |       |     8 ||     8
Dodge: Dodged            |    35 |   121 |   268 |   390 |   564 ||  1378
       Deflected         |       |       |       |       |    34 ||    34
       Rpst.: Long sword |     9 |    33 |    56 |       |       ||    98
       Scimitar          |       |       |     7 |   107 |    78 ||   192
       Great sword       |       |       |       |       |    33 ||    33
